 Dungeon Crawl Stone Soup version 0.31.0-1-g2c135a0 (webtiles) character file.

Game seed: 12850309551588565198

10 Think the Ruffian (level 2, -2/27 HPs)
             Began as a Troll Shapeshifter on Feb 8, 2024.
             Slain by a hobgoblin (4 damage)
             ... on level 2 of the Dungeon.
             The game lasted 00:00:47 (881 turns).

Think the Ruffian (Troll Shapeshifter)               Turns: 881, Time: 00:00:47

Health: -2/27      AC:  4    Str: 21    XL:     2   Next: 10%
Magic:  1/1        EV:  9    Int:  6    God:
Gold:   91         SH:  0    Dex:  9    Spells: 1/1 levels left

rFire   . .          .
                       - Unarmed
rCold   . . .        (no shield)
rNeg    . . .        a - +0 animal skin
rPois   .            (helmet currently unavailable)
rElec   .            (cloak currently unavailable)
rCorr   .            (gloves unavailable)
SInv    .            (boots unavailable)
Will    .....        (no amulet)
Stlth   +            (no ring)
HPRegen 1.04/turn    (no ring)
MPRegen 0.07/turn

%: no passive effects
@: beast-form
A: beast (slay +1), large, unfitting armour, claws 3, regeneration 1, shaggy fur
1, tough skin 1
a: Begin Untransformation


You were on level 2 of the Dungeon.
You were a hulking beast.
You visited 1 branch of the dungeon, and saw 2 of its levels.

You collected 91 gold pieces.

Inventory:

Armour
 a - a +0 animal skin (worn)
Talismans
 c - a beast talisman
 d - a flux talisman
Scrolls
 e - 4 scrolls of vulnerability {unknown}
 g - 2 scrolls of identify {unknown}
 h - a scroll of teleportation {unknown}
 i - a scroll of torment {unknown}
Potions
 b - a potion of lignification
 f - a potion of berserk rage {unknown}


   Skills:
 + Level 1.1 Fighting
 + Level 1.7 Dodging
 + Level 3.1 Unarmed Combat
 + Level 3.1 Shapeshifting


You had one spell level left.
You didn't know any spells.
Your spell library contained the following spells:

 Spells                   Type           Power      Damage    Failure   Level
 Foxfire                  Conj/Fire      0%         2x1d4     45%         1
 Magic Dart               Conj           0%         1d3       45%         1
 Searing Ray              Conj           0%         2d4       58%         2
 Animate Dead             Necr           0%         N/A       99%         4
 Fulminant Prism          Conj/Alch      0%         3d5       99%         4
 Borgnjor's Vile Clutch   Necr/Erth      0%         N/A       100%        5
 Death Channel            Necr           0%         N/A       100%        6
 Plasma Beam              Fire/Air       0%         2x1d10    100%        6
 Starburst                Conj/Fire      0%         6d3       100%        6


Dungeon Overview and Level Annotations

Branches:
Dungeon (2/15)

Altars:


Innate Abilities, Weirdness & Mutations

You are a hulking beast.
Your limbs bulge with bestial killing power. (Slay +1)
You are too large for most types of armour.
You have claws for hands.
Your natural rate of healing is unusually fast.
You are covered in fur. (AC +1)
You have tough skin. (AC +1)


Message History

The rat bites you.
* * * LOW HITPOINT WARNING * * *
The hobgoblin closely misses you. The kobold hits you but does no damage.
The rat closely misses you. The hobgoblin closely misses you.
The kobold hits you with a +0 dagger.
* * * LOW HITPOINT WARNING * * *
The rat closely misses you. The hobgoblin hits you.
* * * LOW HITPOINT WARNING * * *
The kobold closely misses you. The rat closely misses you.
The hobgoblin hits you but does no damage.
The kobold hits you but does no damage. The rat bites you.
* * * LOW HITPOINT WARNING * * *
The hobgoblin closely misses you. The kobold hits you with a +0 dagger.
* * * LOW HITPOINT WARNING * * *
The rat bites you but does no damage.
The hobgoblin hits you but does no damage.
The kobold hits you but does no damage. The rat bites you but does no damage.
The hobgoblin hits you but does no damage.
The kobold hits you but does no damage. The rat misses you.
The hobgoblin closely misses you. The kobold hits you but does no damage.
The rat bites you but does no damage. The hobgoblin hits you.
* * * LOW HITPOINT WARNING * * *
The kobold hits you but does no damage. The rat closely misses you.
The hobgoblin barely misses you. The kobold hits you with a +0 dagger.
* * * LOW HITPOINT WARNING * * *
The rat barely misses you.
The hobgoblin hits you but does no damage.
The kobold hits you but does no damage. The rat barely misses you.
The hobgoblin hits you but does no damage.
The kobold hits you but does no damage. The rat bites you.
* * * LOW HITPOINT WARNING * * *
The hobgoblin hits you.
You die...

####. #..... #... ####
#.....#####.####...
#.....#.......)..##
#.....#......!....#
#.....#.........###...
#.....#.......<.......
##.....#r........#.#.##
......ghK............
##.....##.###.#####...
#..... #.# #... #.#
#..... ### ##### #
#..... #..... ######


You could see a hobgoblin, a kobold and a rat.

Vanquished Creatures
  A giant cockroach (D:1)
  A goblin (D:1)
  A quokka (D:1)
  3 kobolds
  4 rats (D:1)
10 creatures vanquished.

Notes
Turn   | Place    | Note
-------+----------+-------------------------------------------
     0 | D:1      | Think the Troll Shapeshifter began the quest for the Orb.
     0 | D:1      | Reached XP level 1. HP: 18/18 MP: 0/0
   256 | D:1      | Reached skill level 1 in Fighting
   332 | D:1      | Found a faded altar of an unknown god.
   558 | D:1      | Reached XP level 2. HP: 27/27 MP: 1/1
   878 | D:2      | HP: 1/27 [kobold/+0 dagger (2)]
   881 | D:2      | Slain by a hobgoblin

Illustrated notes

Levels and vault maps discovered:
D:1:      heliophobic_arrival_ceremonial_halls, layout_basic,
          shapermc_ecumenical_altar_totnotflames, serial_curves, eino_curves_02,
          eino_curves_03
D:2:      layout_basic, basic_altar, minmay_misc_feat_plants

Skill      XL: |  1 |
---------------+----+-----
Fighting       | 1 |  1.1
Dodging        | |  1.7
Unarmed Combat | |  3.1
Shapeshifting  | |  3.1

Action                     || total
---------------------------++-------
  Melee: Unarmed           ||    19
 Armour: Animal skin       ||   131
  Dodge: Dodged            ||    74
